 Dungeon Crawl Stone Soup version 0.21-a0-221-gfe971b9 (webtiles) character file.

79 tidbits the Skirmisher (level 3, 33/33 HPs)
             Began as a Demigod Wanderer on Aug 26, 2017.
             Quit the game on level 2 of the Dungeon.
             The game lasted 00:07:26 (713 turns).

tidbits the Skirmisher (Demigod Wanderer)            Turns: 713, Time: 00:07:27

Health: 33/33      AC:  2    Str: 15    XL:     3   Next: 95%
Magic:  5/5        EV: 11    Int: 17    God:
Gold:   57         SH:  4    Dex: 16    Spells: 2/2 levels left

rFire    . . .     SeeInvis .   a - +0 dagger
rCold    . . .     Gourm    .   p - +0 buckler
rNeg     . . .     Faith    .   d - +0 robe
rPois    .         Spirit   .   (no helmet)
rElec    .         Reflect  .   (no cloak)
rCorr    .         Harm     .   (no gloves)
MR       .....                  (no boots)
Stlth    ++........             (no amulet)
HPRegen  0.11/turn              (no ring)
MPRegen  0.09/turn              (no ring)

@: no status effects
A: high mp 1
a: no special abilities


You were on level 2 of the Dungeon.
You were not hungry.

You visited 1 branch of the dungeon, and saw 5 of its levels.

You collected 57 gold pieces.

Inventory:

Hand Weapons
 a - a +0 dagger (weapon)
 b - a +0 hunting sling
Missiles
 c - 17 sling bullets
 h - 16 stones (quivered)
 k - a throwing net {!f}
 n - 48 bolts
Armour
 d - a +0 robe (worn)
 p - a +0 buckler (worn)
Scrolls
 g - a scroll of immolation
 i - a scroll of blinking
 j - 2 scrolls of noise {unknown}
 l - a scroll of recharging {unknown}
 q - a scroll of remove curse
 r - a scroll of random uselessness {unknown}
Potions
 e - a potion of heal wounds
 m - a potion of resistance
Comestibles
 f - 2 bread rations
 o - 2 royal jellies


   Skills:
 + Level 4.0 Fighting
   Level 1.0 Staves
 - Level 1.0 Throwing
 - Level 1.0 Dodging
 - Level 2.6 Stealth
 - Level 1.0 Shields
 - Level 1.0 Unarmed Combat


You had 2 spell levels left.
You didn't know any spells.

Dungeon Overview and Level Annotations

Branches:
Dungeon (5/15)
 Temple: D:4-7


Innate Abilities, Weirdness & Mutations

You have an increased reservoir of magic. (+10% MP)


Message History

Wield which item (- for none, * to show all)? (? for menu, Esc to quit)
b - a +0 hunting sling (weapon)
You see here a throwing net {!f}.
k - a throwing net {!f}
Found a scroll of remove curse.
Firing (i - inventory. (,) - cycle):
c - 18 sling bullets (quivered)
Press: ? - help, Shift-Dir - straight line, f - worm
Aim: a worm (resting)
You shoot a sling bullet. The sling bullet hits the worm.
The worm is moderately wounded.
Firing (i - inventory. (,) - cycle):
c - 17 sling bullets (quivered)
Press: ? - help, Shift-Dir - straight line, f/p - worm
Aim: a worm (moderately wounded)
You shoot a sling bullet.
The sling bullet barely misses the worm.
Firing (i - inventory. (,) - cycle):
c - 16 sling bullets (quivered)
Press: ? - help, Shift-Dir - straight line, f/p - worm
Aim: a worm (moderately wounded)
You shoot a sling bullet. The sling bullet hits the worm.
The worm is moderately wounded.
Wield which item (- for none, * to show all)? (? for menu, Esc to quit)
a - a +0 dagger (weapon)
You barely miss the worm.
The worm is moderately wounded.
The worm bites you!
* * * LOW HITPOINT WARNING * * *
You feel much better.
You hit the worm.
The worm is heavily wounded.
The worm bites you.
You hit the worm.
The worm is heavily wounded.
You hit the worm.
The worm is severely wounded.
The worm barely misses you.
You hit the worm.
The worm is severely wounded.
The worm misses you.
You hit the worm.
The worm is almost dead.
You hit the worm.
The worm is almost dead.
The worm bites you but does no damage.
You hit the worm.
The worm is almost dead.
You hit the worm.
You kill the worm!
Found a stone staircase leading up.
e - a potion of heal wounds
c - 16 sling bullets (gained 1)
c - 17 sling bullets (gained 1)
There is a stone staircase leading up here.
You climb upwards.
There is a stone staircase leading down here.
You feel a little less agile now.
Found a royal jelly.
o - a royal jelly A kobold comes into view.
The kobold shouts!
Found 16 poisoned needles.
The kobold hits you but does no damage.
Found a short sword.
Found a scroll labeled XOHOM UCK and a buckler.
Found a royal jelly.
You see here a scroll labeled XOHOM UCK.
You barely miss the kobold. The kobold closely misses you.
You hit the kobold but do no damage. The kobold misses you.
You hit the kobold.
The kobold is severely wounded.
The kobold barely misses you.
You hit the kobold but do no damage.
The kobold is heavily wounded.
The kobold hits you but does no damage.
You hit the kobold but do no damage.
The kobold is heavily wounded.
The kobold hits you but does no damage.
You barely miss the kobold.
The kobold is heavily wounded.
The kobold hits you.
You barely miss the kobold.
The kobold is heavily wounded.
The kobold barely misses you.
You hit the kobold.
You kill the kobold!
j - 2 scrolls labeled XOHOM UCK (gained 1)
You see here a short sword.
Found a scroll of remove curse.
You see here a buckler.
p - a buckler Wear which item? (? for menu, Esc to quit)
You start putting on your armour.
You continue putting on your buckler. x4
You finish putting on your +0 buckler.
Found 14 gold pieces.
Found a scroll labeled FAINEVY JARRAO.
q - a scroll of remove curse You now have 57 gold pieces (gained 14).
r - a scroll labeled FAINEVY JARRAO
o - 2 royal jellies (gained 1) HP restored.
Are you sure you want to abandon this character and quit the game? (Confirm with "yes".)

...##.# ....# #.# #..# ## ...##.#
....# #######.# ##.# #
...##.##....#...#.....#####.#####
.................................
.####........##.#.###...####.####
.# #..#####.##.# #...####.#
.####..#..##.##.#............#
.............##.############.#
.....#...≈≈≈.##.@.......####.#
..(..#...≈$≈.##########.#....#
.....#.#.≈≈≈.# #.#.##.#
.......#.....# #.#.##.#
<..>.#.##.....# #.#.##.#
.....#.#####... #.#.##.#
.###.#......... #.#.##.# ..
..######.... #.#.##.# .. ... .
#.#.# .#


There were no monsters in sight!

Vanquished Creatures
  Jessica (D:3)
  2 adders
  An ooze (D:4)
  A worm (D:3)
  A leopard gecko (D:1)
  3 bats
  2 giant cockroaches
  3 goblins
  4 hobgoblins
  4 jackals (D:4)
  A kobold (D:2)
  3 rats (D:1)
26 creatures vanquished.

Vanquished Creatures (others)
  9 toadstools (D:2)
9 creatures vanquished.

Grand Total: 35 creatures vanquished

Notes
Turn   | Place    | Note
-------+----------+-------------------------------------------
     0 | D:1      | tidbits the Demigod Wanderer began the quest for the Orb.
     0 | D:1      | tidbits set off with: a potion of heal wounds, a scroll of blinking, 2 potions of lignification, a +0 robe, a +0 dagger, a bread ration
     0 | D:1      | Reached XP level 1. HP: 17/17 MP: 3/3
    54 | D:1      | Reached skill level 2 in Fighting
   231 | D:1      | Reached XP level 2. HP: 23/25 MP: 4/4
   305 | D:2      | Reached skill level 3 in Fighting
   470 | D:4      | Reached XP level 3. HP: 18/31 MP: 5/5
   510 | D:5      | Entered Level 5 of the Dungeon
   550 | D:3      | Noticed Jessica
   567 | D:3      | Killed Jessica
   567 | D:3      | Reached skill level 4 in Fighting
   713 | D:2      | Quit the game

Vault maps used:
D:1:      tarquinn_simple_flora_water_c, minmay_pentomino_w2
D:2:      cheibrodos_fertilizer, dk_vineyard_3, corexii_item_surrounded_by_moat,
          cheibriados_altar_1
D:3:      feat_on_display, uniq_jessica
D:4:      nicolae_overflow_hidden_temple, serial_forest,
          infiniplex_forest_lined_corner, infiniplex_forest_lined_2,
          infiniplex_forest_clump_large, infiniplex_forest_end_2,
          infiniplex_forest_lined_room_2, infiniplex_forest_end_2,
          infiniplex_forest_end_2, infiniplex_forest_lined_2,
          infiniplex_forest_clump_double, uniq_natasha, uniq_robin
D:5:      minmay_goblin_kobold_castle, tso_altar, first_bread

Skill      XL: |  1  2  3 |
---------------+----------+-----
Fighting       | 2 3 4 |  4.0
Staves         | |  1.0
Throwing       | |  1.0
Dodging        | |  1.0
Stealth        | |  2.6
Shields        | |  1.0
Unarmed Combat | |  1.0

Action                   || total
-------------------------++-------
Melee: Dagger            ||    96
       Unarmed           ||    26
 Fire: Hunting sling     ||     4
  Use: Scroll            ||     4
       Potion            ||     4
 Stab: Sleeping          ||     3
Armor: Robe              ||    19
       Skin              ||    37
Dodge: Dodged            ||    60

Table legend:
 A = Spawn XP
 B = Non-spawn XP
 C = Spawn XP percentage of total XP
 D = Spawn monster count
 E = Non-spawn monster count
 F = Spawn count percentage of total count
 G = Total turns spent on level
                    A         B        C        D         E        F      G
               +---------+---------+-------+---------+---------+-------+---------
         Total |       0 |     113 |   0.0 |       0 |      26 |   0.0 |   713
               +---------+---------+-------+---------+---------+-------+---------
           D:1 |       0 |      19 |   0.0 |       0 |      11 |   0.0 |   280
           D:2 |       0 |      16 |   0.0 |       0 |       3 |   0.0 |   190
           D:3 |       0 |      48 |   0.0 |       0 |       5 |   0.0 |   169
           D:4 |       0 |      30 |   0.0 |       0 |       7 |   0.0 |    72
               +---------+---------+-------+---------+---------+-------+---------

Table legend:
 A = Turns spent in this place as a percentage of turns spent in the entire game.
 B = Non-inter-level travel turns spent in this place as a percentage of non-inter-level travel turns spent in the entire game.
 C = Inter-level travel turns spent in this place as a percentage of turns spent in this place.
 D = Turns resting spent in this place as a percentage of non-inter-level travel turns spent in this place.
 E = Turns spent auto-exploring this place as a percentage of non-inter-level travel turns spent in this place.
 F = Non-inter-level travel turns spent in this place divided by the number of levels of this place that you've seen.
                   A       B       C       D       E      F
               +-------+-------+-------+-------+-------+----------------------
         Total | 100.0 | 100.0 |   0.0 |   0.0 |   0.0 | 142.6
       Dungeon | 100.0 | 100.0 |   0.0 |   0.0 |   0.0 | 142.6
               +-------+-------+-------+-------+-------+----------------------

Table legend:
 A = Kills in this place as a percentage of kills in entire the game.
 B = Kills by you in this place as a percentage of kills by you in the entire game.
 C = Kills by friends in this place as a percentage of kills by friends in the entire game.
 D = Other kills in this place as a percentage of other kills in the entire game.
 E = Experience gained in this place as a percentage of experience gained in the entire game.
 F = Experience gained in this place divided by the number of levels of this place that you have seen.
                   A       B       C       D       E      F
               +-------+-------+-------+-------+-------+----------------------
         Total | 100.0 | 100.0 |   N/A |   N/A | 100.0 |  22.6
       Dungeon | 100.0 | 100.0 |   N/A |   N/A | 100.0 |  22.6
               +-------+-------+-------+-------+-------+----------------------

Vault maps used:
D:1:      tarquinn_simple_flora_water_c, minmay_pentomino_w2
D:2:      cheibrodos_fertilizer, dk_vineyard_3, corexii_item_surrounded_by_moat,
          cheibriados_altar_1
D:3:      feat_on_display, uniq_jessica
D:4:      nicolae_overflow_hidden_temple, serial_forest,
          infiniplex_forest_lined_corner, infiniplex_forest_lined_2,
          infiniplex_forest_clump_large, infiniplex_forest_end_2,
          infiniplex_forest_lined_room_2, infiniplex_forest_end_2,
          infiniplex_forest_end_2, infiniplex_forest_lined_2,
          infiniplex_forest_clump_double, uniq_natasha, uniq_robin
D:5:      minmay_goblin_kobold_castle, tso_altar, first_bread
